 Dungeon Crawl Stone Soup version 0.26-a0-651-gb41185065b (webtiles) character file.

Game seed: 9276697268410471337

(classic levelgen) 16524 EnegeticOcto the Cleaver (level 12, -9/110 HPs)
             Began as a Deep Dwarf Fighter on Oct 17, 2020.
             Was a High Priest of Makhleb.
             Killed from afar by an ice statue (20 damage)
             ... with a bolt of cold
             ... in an ice cave.
             The game lasted 00:05:35 (6759 turns).

EnegeticOcto the Cleaver (Deep Dwarf Fighter)       Turns: 6759, Time: 00:05:35

Health: -9/110     AC: 20    Str: 26    XL:     12   Next: 10%
Magic:  18/18 (9)  EV: 25    Int:  8    God:    Makhleb [*****.]
Gold:   710        SH: 12    Dex: 12    Spells: 11/11 levels left

rFire    + + .     SeeInvis .   a - +1 war axe
rCold    . . .     Faith    .   c - +0 kite shield
rNeg     . . .     Spirit   .   B - +3 chain mail {rF+}
rPois    .         Reflect  .   k - +2 helmet
rElec    .         Harm     .   (no cloak)
rCorr    .         Rampage  .   (no gloves)
MR       +....                  o - +1 pair of boots
Stlth    ..........             v - amulet of the acrobat
HPRegen  0.00/turn              r - ring of magical power
MPRegen  0.16/turn              C - ring of protection from fire

@: acrobat, non-regenerating
A: damage resistance, heal wounds, sense surroundings 2, no regeneration
a: Heal Wounds, Minor Destruction, Lesser Servant of Makhleb, Major Destruction,
Greater Servant of Makhleb, Renounce Religion


You were in an ice cave.
You worshipped Makhleb.
Makhleb was extremely pleased with you.
You visited 2 branches of the dungeon, and saw 12 of its levels.
You also visited: Ice Cave.

You collected 710 gold pieces.

Inventory:

Hand Weapons
 a - a +1 war axe (weapon)
 j - a +2 spear of distortion
Armour
 c - a +0 kite shield (worn)
 k - a +2 helmet (worn)
 o - a +1 pair of boots (worn)
 w - the +0 chain mail of Claustrophobia {rElec Int+5}
   (You found it on level 8 of the Dungeon)

   It affects your intelligence (+5).
   It insulates you from electricity.
 B - a +3 chain mail of fire resistance (worn)
Jewellery
 h - an uncursed amulet of regeneration {unknown}
 r - a ring of magical power (left hand)
 v - an amulet of the acrobat (around neck)
 C - a ring of protection from fire (right hand)
Wands
 x - a wand of iceblast (20) {@v2}
Scrolls
 b - 2 scrolls of remove curse {@r2}
 p - 2 scrolls of enchant weapon
 t - 3 scrolls of identify {@r1}
 u - 2 scrolls of fear
 y - a scroll of magic mapping {@r5}
 z - a scroll of blinking
 A - 2 scrolls of teleportation {@r3}
Potions
 d - 5 potions of might {@q3}
 e - a potion of berserk rage
 f - a potion of cancellation
 g - 5 potions of curing {@q1}
 i - a potion of lignification
 l - 5 potions of flight
 m - 2 potions of heal wounds {@q2}
 n - 4 potions of stabbing
 q - 2 potions of mutation
 s - 2 potions of invisibility


   Skills:
 + Level 7.8 Fighting
 * Level 12.3 Axes
 + Level 9.4 Armour
 + Level 5.8 Dodging
 + Level 9.3 Shields
 + Level 9.5 Invocations


You had 11 spell levels left.
You didn't know any spells.
Your spell library was empty.

Dungeon Overview and Level Annotations

Branches:
Dungeon (11/15)            Temple (1/1) D:4            Lair (0/6) D:8
    Orc (0/2) D:9           IceCv (1/1)

Altars:
Ashenzari
Cheibriados
Dithmenos
Elyvilon
Fedhas
Gozag
Hepliaklqana
Kikubaaqudgha
Makhleb
Nemelex Xobeh
Okawaru
Qazlal
Ru
Sif Muna
Trog
Uskayaw
Vehumet
Wu Jian
Xom
Yredelemnul
Zin

Annotations:
IceCv exclusion: 3 ice statues


Innate Abilities, Weirdness & Mutations

You are resistant to damage.
You can heal yourself by infusing magical energy.
You passively map the area around you.
You do not regenerate.


Message History

A polar bear comes into view.
You block the ice beast's attack. The yak barely misses you.
You closely miss the ice beast.
The ice beast is heavily wounded.
You hit the ice beast but do no damage. You hit the yak but do no damage.
You slash the ice beast!
The ice beast hits you but does no damage.
You block the ice beast's attack.
The ice beast hits you but does no damage.
The yak barely misses you. The ice statue gestures at you.
The bolt of cold hits the ice beast.
The ice beast completely resists.
The bolt of cold hits you!!
* * * LOW HITPOINT WARNING * * *
The bolt of cold hits the ice beast.
The ice beast completely resists.
You are too injured to fight recklessly!
You are too injured to fight recklessly!
You are too injured to fight recklessly!
You are too injured to fight recklessly!
You are too injured to fight recklessly!
You are too injured to fight recklessly!
You are too injured to fight recklessly!
You are too injured to fight recklessly!
You are too injured to fight recklessly!
You are too injured to fight recklessly!
You feel much better. The ice beast barely misses you.
The ice beast closely misses you. You block the ice beast's attack.
You block the yak's attack.
You hit the ice beast but do no damage.
The ice beast is heavily wounded.
You completely miss the ice beast. You hit the yak. You slash the ice beast!
The ice beast hits you but does no damage.
The ice beast barely misses you. You block the ice beast's attack.
The yak gores you but does no damage.
You hit the ice beast but do no damage.
The ice beast is heavily wounded.
You closely miss the ice beast. You hit the yak. You barely miss the ice beast.
You block the ice beast's attack.
The ice beast hits you but does no damage.
The ice beast hits you. The ice beast freezes you. The yak closely misses you.
The ice statue gestures.
You hit the ice beast.
The ice beast is heavily wounded.
You closely miss the ice beast. You slash the yak!
You closely miss the ice beast.
The ice beast hits you but does no damage.
The ice beast closely misses you. You block the ice beast's attack.
The yak gores you!
You slash the yak!
The yak is almost dead.
You barely miss the ice beast. You closely miss the ice beast.
You barely miss the ice beast.
The ice beast hits you but does no damage.
The ice beast closely misses you.
The ice beast hits you but does no damage.
The yak gores you but does no damage.
You barely miss the yak.
The yak is almost dead.
You hit the ice beast. You hit the ice beast but do no damage.
You hit the ice beast. The ice statue gestures at you.
The bolt of cold misses the polar bear.
The bolt of cold hits the ice beast.
The ice beast completely resists.
The bolt of cold hits you!!!
* * * LOW HITPOINT WARNING * * *
The bolt of cold misses the ice beast.
The ice beast hits you but does no damage.
The ice beast barely misses you. You block the ice beast's attack.
You are too injured to fight recklessly!
You are too injured to fight recklessly!
You are too injured to fight recklessly!
You are too injured to fight recklessly!
You are too injured to fight recklessly!
You are too injured to fight recklessly!
You are too injured to fight recklessly!
You are too injured to fight recklessly!
You are too injured to fight recklessly!
You are too injured to fight recklessly!
You are too injured to fight recklessly!
You are too injured to fight recklessly!
You are too injured to fight recklessly!
You are too injured to fight recklessly!
You are too injured to fight recklessly!
You are too injured to fight recklessly!
You are too injured to fight recklessly!
You are too injured to fight recklessly!
You are too injured to fight recklessly!
You are too injured to fight recklessly!
The yak misses you.
The ice beast hits you but does no damage. x3
The yak misses you. The ice beast completely misses you.
The ice beast hits you but does no damage.
The ice beast completely misses you. The yak misses you.
The ice beast completely misses you. You block the ice beast's attack.
The ice beast misses you. You block the yak's attack.
The ice statue gestures at you.
The bolt of cold hits the polar bear.
The polar bear resists.
The bolt of cold hits the ice beast.
The ice beast completely resists.
The bolt of cold hits you!!
You die...

##..#######8.Y....#
#### ##.°......##
###°..°...###
#...☼...###
##8.○○### ###..##
##..#####
##YYY#Y#### ≈
###YY@YYY#* * ≈ ≈
####Yh.8#* * ≈ ≈ ≈≈
###..# ≈≈ ≈ ≈≈ *
*..# ≈≈ ≈ ** # ≈ *
* , , ** ≈ ,,,** ,
** ** , * , ,,


You could see an ice statue, a polar bear, a yak and 9 ice beasts.

Vanquished Creatures
  2 two-headed ogres
  An unseen horror (D:10)
  Pikel (D:6)
  A cyclops (D:11)
  A gargoyle (D:10)
  Maggie (D:8)
  A komodo dragon (D:8)
  4 trolls
  5 polar bears (IceCv)
  Grinder (D:6)
  3 hippogriffs
  A slime creature (D:10)
  18 yaks
  A shadow (D:11)
  Menkaure (D:6)
  Duvessa (D:7)
  2 black bears
  9 ice beasts
  14 orc warriors
  A sky beast (D:8)
  2 necrophages
  9 ogres
  A phantom (D:11)
  3 wolves (IceCv)
  A centaur (D:7)
  A crocodile (D:10)
  5 big kobolds
  2 lemures (D:6)
  8 bullfrogs
  A gnoll sergeant (D:9)
  Dowan (D:7)
  A water moccasin zombie (D:8)
  A wyvern skeleton (D:8)
  A scorpion (D:5)
  12 killer bees (D:10)
  5 wights (D:9)
  A howler monkey (D:9)
  7 bullfrog skeletons
  A bullfrog zombie (D:7)
  A centaur zombie (D:9)
  4 jellies
  4 orc priests
  8 hounds
  A gnoll shaman (D:4)
  15 orc wizards
  2 centaur skeletons
  2 iguanas
  7 worker ants
  3 hound skeletons
  8 gnolls
  A worker ant zombie (D:10)
  13 adders
  A howler monkey skeleton (D:7)
  A river rat (D:5)
  3 white imps
  3 ufetubi
  An ooze (D:4)
  An adder zombie (D:7)
  4 adder skeletons
  4 worms
  2 dart slugs
  3 leopard geckos
  59 orcs
  2 ball pythons
  5 giant cockroaches
  A hobgoblin (D:3)
  9 jackals
  6 quokkas
  A bat (D:3)
  2 frilled lizards
  13 kobolds
  A leopard gecko skeleton (D:4)
  A quokka skeleton (D:7)
  A quokka zombie (D:9)
  4 rats
329 creatures vanquished.

Vanquished Creatures (others)
  7 plants (D:8)
7 creatures vanquished.

Grand Total: 336 creatures vanquished

Notes
Turn   | Place    | Note
-------+----------+-------------------------------------------
     0 | D:1      | EnegeticOcto the Deep Dwarf Fighter began the quest for the
                  | Orb.
     0 | D:1      | Reached XP level 1. HP: 20/20 MP: 1/1
   155 | D:2      | Reached XP level 2. HP: 22/27 MP: 2/2
   227 | D:3      | Found a white marble altar of Elyvilon.
   227 | D:3      | Found a hazy altar of Hepliaklqana.
   232 | D:3      | Reached skill level 3 in Axes
   235 | D:3      | Reached XP level 3. HP: 20/33 MP: 3/3
   245 | D:3      | Reached XP level 4. HP: 31/42 MP: 3/3
   356 | D:4      | Reached skill level 4 in Axes
   357 | D:4      | Reached XP level 5. HP: 28/49 MP: 4/4
   428 | D:4      | Found a shimmering blue altar of Sif Muna.
   468 | D:4      | Noticed an ogre
   481 | D:4      | Killed an ogre
   481 | D:4      | Reached XP level 6. HP: 24/57 MP: 4/4
   514 | D:4      | Reached skill level 5 in Axes
   556 | D:4      | Found a staircase to the Ecumenical Temple.
   603 | Temple   | Entered the Ecumenical Temple
   717 | Temple   | Became a worshipper of Makhleb the Destroyer
   914 | D:5      | Entered Level 5 of the Dungeon
   921 | D:5      | Reached skill level 1 in Invocations
   921 | D:5      | Reached XP level 7. HP: 43/63 MP: 4/4
   997 | D:5      | Reached skill level 5 in Armour
   997 | D:5      | Reached skill level 5 in Shields
  1079 | D:5      | Reached skill level 6 in Axes
  1159 | D:5      | Reached * piety under Makhleb
  1239 | D:5      | Reached XP level 8. HP: 26/73 MP: 0/2
  1514 | D:5      | Found a glowing drain.
  1963 | D:6      | Noticed Grinder
  1982 | D:6      | Killed Grinder
  1982 | D:6      | Reached skill level 7 in Axes
  1990 | D:6      | Noticed Menkaure
  1991 | D:6      | Noticed Pikel
  2001 | D:6      | Killed Pikel
  2001 | D:6      | Reached skill level 5 in Fighting
  2002 | D:6      | Killed Menkaure
  2103 | D:6      | Found a sacrificial altar of Ru.
  2103 | D:6      | Found an iron altar of Okawaru.
  2108 | D:6      | Found an ancient bone altar of Kikubaaqudgha.
  2110 | D:6      | Found an ornate altar of the Wu Jian Council.
  2112 | D:6      | Found a shadowy altar of Dithmenos.
  2301 | D:6      | Reached ** piety under Makhleb
  2450 | D:6      | Reached skill level 8 in Axes
  2522 | D:6      | Gained mutation: You passively map the area around you.
                  | [Deep Dwarf growth]
  2522 | D:6      | Reached XP level 9. HP: 62/81 MP: 3/3
  2675 | D:7      | Reached skill level 5 in Invocations
  2782 | D:7      | Noticed Dowan
  2782 | D:7      | Noticed Duvessa
  2795 | D:7      | Killed Duvessa
  2803 | D:7      | Killed Dowan
  3378 | D:7      | Found a snail-covered altar of Cheibriados.
  3520 | D:8      | Found a staircase to the Lair.
  3521 | D:8      | Noticed a komodo dragon
  3544 | D:8      | Killed a komodo dragon
  3544 | D:8      | Reached skill level 9 in Axes
  3579 | D:8      | Reached *** piety under Makhleb
  3650 | D:8      | Noticed a two-headed ogre
  3672 | D:8      | Killed a two-headed ogre
  3672 | D:8      | Reached skill level 1 in Dodging
  3672 | D:8      | Reached XP level 10. HP: 37/91 MP: 5/5
  3727 | D:8      | Found a radiant altar of Vehumet.
  3920 | D:8      | Got a shimmering chain mail
  3930 | D:8      | Identified the cursed +0 chain mail of Claustrophobia
                  | {rElec Int+5} (You found it on level 8 of the Dungeon)
  3952 | D:8      | Noticed Maggie
  3962 | D:8      | Killed Maggie
  4425 | D:8      | Reached skill level 10 in Axes
  4444 | D:8      | Reached **** piety under Makhleb
  4756 | D:9      | Found a staircase to the Orcish Mines.
  5035 | D:9      | Reached XP level 11. HP: 91/99 MP: 6/6
  5049 | D:9      | Reached ***** piety under Makhleb
  5071 | D:9      | Reached skill level 11 in Axes
  5243 | D:9      | Noticed a two-headed ogre
  5253 | D:9      | Killed a two-headed ogre
  5601 | D:10     | Entered Level 10 of the Dungeon
  5844 | D:10     | Killed an unseen horror
  6141 | D:11     | Reached skill level 5 in Dodging
  6494 | D:11     | Found a frozen archway.
  6518 | D:11     | Reached skill level 12 in Axes
  6538 | IceCv    | Entered an ice cave
  6582 | IceCv    | Reached XP level 12. HP: 69/110 MP: 9/9
  6759 | IceCv    | Killed from afar by an ice statue

Illustrated notes

Levels and vault maps discovered:
D:1:      dpeg_arrival_castle, layout_rooms, wad_floor_pattern_2
D:2:      layout_basic, serial_curves, eino_curves_02, eino_curves_02,
          eino_curves_04
D:3:      layout_loops_ring, grunt_temple_overflow_open, tso_metal_star
D:4:      layout_rooms, nicolae_overflow_crystal_walls,
          minmay_temple_entry_trees
D:5:      layout_cave_pods, cheibrodos_sewer_entry_sluice
D:6:      layout_loops_ring, chequers_temple_overflow_minitemple, uniq_grinder,
          uniq_menkaure, uniq_pikel
D:7:      layout_basic, slow_altar_2, uniq_duvessa
D:8:      layout_basic, lemuel_doored_altar, david_lair_shrubbed, special_room
          [special_room_orc], uniq_maggie
D:9:      layout_loops_corners, kennysheep_orc_monster_closet_entryway
D:10:     layout_cave_pools, minmay_radiant
D:11:     layout_cave_pods, portal_ice_cave_entry_ice_beasts
Temple:   minmay_temple_curvy_loop
IceCv:    ice_cave_small_giant

Skill      XL: |  1  2  3  4  5  6  7  8  9 10 11 |
---------------+----------------------------------+-----
Axes           | 3 4 5 6 8 9 10 12 | 12.3
Fighting       | 3 4 5 6 7 |  7.8
Armour         | 4 5 6 7 8 9 |  9.4
Shields        | 4 5 6 7 8 9 |  9.3
Invocations    | 1 2 4 6 7 9 |  9.5
Dodging        | 1 3 5 |  5.8

Action                   |  1- 3 |  4- 6 |  7- 9 | 10-12 || total
-------------------------+-------+-------+-------+-------++-------
Melee: War axe           |    39 |   114 |   385 |   757 ||  1295
Invok: Lesser Servant of |       |       |       |     2 ||     2
 Abil: Heal Wounds       |     1 |     9 |    15 |    13 ||    38
  Use: Scroll            |       |       |    15 |     4 ||    19
Armor: Scale mail        |    23 |    72 |    30 |       ||   125
       Plate armour      |       |       |   202 |    66 ||   268
       Chain mail        |       |       |       |   369 ||   369
Dodge: Dodged            |    22 |    50 |   103 |   340 ||   515
Block: Kite shield       |    41 |    88 |   222 |   544 ||   895

Table legend: (Time is in decaauts)
 A = Elapsed time spent in this place.
 B = Non-inter-level travel time spent in this place.
 C = Inter-level travel time spent in this place.
 D = Time resting spent in this place.
 E = Time spent auto-exploring this place.
 F = Levels seen in this place.
 G = Mean time per level.
                   A        B        C        D        E       F      G
               +--------+--------+--------+--------+--------+-----+--------+
         Total |   6886 |   6489 |    397 |      0 |   4261 |  13 |  529.7 |
       Dungeon |   6487 |   6157 |    330 |      0 |   4062 |  11 |  589.7 |
        Temple |    182 |    115 |     67 |      0 |    110 |   1 |  182.0 |
      Ice Cave |    215 |    215 |      0 |      0 |     89 |   1 |  215.0 |
               +--------+--------+--------+--------+--------+-----+--------+

Top non-repeatable levels by time:
     D:9: 1053 daAuts
     D:8: 1049 daAuts
     D:5: 960 daAuts
     D:7: 902 daAuts
     D:6: 806 daAuts
    D:10: 499 daAuts
     D:4: 454 daAuts
    D:11: 427 daAuts
   IceCv: 215 daAuts
  Temple: 182 daAuts
     D:1: 134 daAuts
     D:2: 107 daAuts
     D:3: 94 daAuts
